 Dungeon Crawl Stone Soup version 0.28-a0-802-g09f76e8c00 (webtiles) character file.

Game seed: 11141626417296123278

55 croobank the Magician (level 3, -1/21 HPs)
             Began as an Octopode Hedge Wizard on Nov 6, 2021.
             Slain by a gnoll (7 damage)
             ... on level 2 of the Dungeon.
             The game lasted 00:08:30 (1667 turns).

croobank the Magician (Octopode Hedge Wizard)       Turns: 1667, Time: 00:08:33

Health: -1/21      AC:  1    Str: 10    XL:     3   Next: 93%
Magic:  7/8        EV: 13    Int: 16    God:
Gold:   25         SH:  0    Dex: 11    Spells: 1/10 levels left

rFire   . . .      SeeInvis .   f - +0 flail
rCold   . . .      Faith    .   (no shield)
rNeg    . . .      Spirit   .   b - +0 hat
rPois   .          Reflect  .   (no amulet)
rElec   .          Harm     .   (no ring)
rCorr   .          Rampage  .   (no ring)
Will    .....                   (no ring)
Stlth   +++.......              (no ring)
HPRegen 0.07/turn               (no ring)
MPRegen 0.11/turn               (no ring)
                                (no ring)
                                (no ring)

@: no status effects
A: almost no armour, amphibious, 8 rings, camouflage 1, gelatinous body 1,
(nimble swimmer 1), tentacles
a: no special abilities


You were on level 2 of the Dungeon.
You visited 1 branch of the dungeon, and saw 2 of its levels.

You collected 25 gold pieces.

Inventory:

Hand Weapons
 a - a +0 dagger
 f - a +0 flail (weapon)
Missiles
 c - 78 stones
 h - 17 arrows
Armour
 b - a +0 hat (worn)
Scrolls
 d - a scroll of silence
 g - a scroll of teleportation {unknown}
 i - a scroll of identify


   Skills:
 + Level 0.1 Fighting
 + Level 0.4 Short Blades
 + Level 0.8 Maces & Flails
 + Level 2.2 Dodging
 + Level 3.1 Stealth
 + Level 4.0 Spellcasting
 + Level 1.1 Conjurations
 + Level 1.0 Summonings
 + Level 1.0 Translocations


You had one spell level left.
You knew the following spells:

 Your Spells              Type           Power      Damage    Failure   Level
a - Magic Dart            Conj           24%        1d4       11%         1
b - Slow                  Hex            12%        N/A       17%         1
c - Blink                 Tloc           12%        N/A       17%         2
d - Call Imp              Summ           6%         N/A       17%         2
e - Conjure Flame         Conj/Fire      4%         6-21      38%         3

Your spell library contained the following spells:

 Spells                   Type           Power      Damage    Failure   Level
 Mephitic Cloud           Conj/Pois/Air  4%         N/A       41%         3
 Dispel Undead            Necr           3%         3d7       86%         4
 Borgnjor's Vile Clutch   Necr/Erth      1%         N/A       99%         5
 Necromutation            Tmut/Necr      1%         N/A       100%        8


Dungeon Overview and Level Annotations

Branches:
Dungeon (2/15)

Altars:


Innate Abilities, Weirdness & Mutations

You cannot wear most types of armour.
You are amphibious.
You can wear up to eight rings at the same time.
Your skin changes colour to match your surroundings (Stealth+).
Your rubbery body absorbs attacks. (AC +1, EV +1)
((You are camouflaged near water. (Stealth+)))
You have tentacles for arms and can constrict up to eight enemies at once.


Message History

Aim: a gnoll, wielding a +0 club (100% to hit)
The magic dart hits the gnoll.
The gnoll is lightly wounded.
The goblin shoots a stone.
The stone hits your shadow imp but does no damage.
You feel clever all of a sudden.
Your shadow imp barely misses the goblin.
Your shadow imp misses the goblin.
The goblin shoots a stone.
The stone hits you.
Your shadow imp disappears in a puff of smoke!
The goblin shoots a stone.
The stone barely misses you.
There is a stone staircase leading up here.
You climb upwards.
There is a stone staircase leading down here.
You start resting.
You feel a little less clever now.
You start resting.
Magic restored.
You start resting.
HP restored.
You climb downwards.
The gnoll closely misses you.
There is a stone staircase leading up here.
Aiming: Magic Dart (safe; 11% risk of failure)
Press: ? - help, Q - select action, (/) - cycle Shift-Dir - straight line, f - gnoll
Aim: a gnoll, wielding a +0 club (100% to hit)
The magic dart hits the gnoll but does no damage.
The gnoll misses you. The gnoll closely misses you.
You closely miss the gnoll. Your grab misses the gnoll. You squeeze the gnoll.
The gnoll is moderately wounded.
The gnoll completely misses you.
The gnoll hits you from afar with a +0 halberd.
The gnoll hits you with a +0 club.
You completely miss the gnoll. You grab the gnoll.
The gnoll is moderately wounded.
You constrict the gnoll.
The gnoll hits you from afar with a +0 halberd!
* * * LOW HITPOINT WARNING * * *
The gnoll misses you.
The gnoll hits you from afar with a +0 halberd!
You die...

. #.# #...##.#
..#######.#.#.#..##
...........[. ....#
..#.......#.# #...#
.........##.# #...########
#........##.###.g##......#
#.......##.##..@##......#
##........#.##g#.##...>..#
..........#....#.##).....#
..#####)#....#.#.........#
#.## #.##..##.##........#
#..# #........##.#.######
##.######.........#..##
#.g......#.#.#...##..#
#.....g..#...#....##.#


You could see 2 gnolls.

Vanquished Creatures
  2 adders (D:2)
  A dart slug (D:1)
  An endoplasm (D:1)
  2 giant cockroaches
  4 goblins
  4 hobgoblins (D:1)
  2 ball pythons (D:1)
  2 bats
  3 kobolds
  4 rats (D:1)
25 creatures vanquished.

Vanquished Creatures (collateral kills)
  A gnoll (D:2)
1 creature vanquished.

Grand Total: 26 creatures vanquished

Notes
Turn   | Place    | Note
-------+----------+-------------------------------------------
     0 | D:1      | croobank the Octopode Hedge Wizard began the quest for the
                  | Orb.
     0 | D:1      | Reached XP level 1. HP: 11/11 MP: 4/4
   502 | D:1      | Learned a level 1 spell: Slow
   622 | D:1      | Reached XP level 2. HP: 17/17 MP: 4/6
  1131 | D:2      | Reached XP level 3. HP: 20/21 MP: 2/8
  1134 | D:2      | Learned a level 2 spell: Blink
  1137 | D:2      | Learned a level 2 spell: Call Imp
  1141 | D:2      | Learned a level 3 spell: Conjure Flame
  1467 | D:2      | Got Foagilil's Handbook of Evil
  1476 | D:2      | Reached skill level 4 in Spellcasting
  1667 | D:2      | Slain by a gnoll

Illustrated notes

Levels and vault maps discovered:
D:1:      sevenhm_arrival_forest_fort_small_6, layout_loops_ring
D:2:      layout_rooms, shapermc_ecumenical_altar_mp_ritualfount

Skill      XL: |  1  2  3 |
---------------+----------+-----
Stealth        | 3 |  3.1
Spellcasting   | 4 |  4.0
Fighting       | |  0.1
Short Blades   | |  0.4
Maces & Flails | |  0.8
Dodging        | |  2.2
Conjurations   | |  1.1
Summonings     | |  1.0
Translocations | |  1.0

Action                   || total
-------------------------++-------
Melee: Dagger            ||    15
       Constrict         ||    13
       Tentacles         ||     7
       Flail             ||    20
 Cast: Magic Dart        ||    39
       Call Imp          ||     1
  Use: Scroll            ||     3
       Potion            ||     2
Armor: Skin              ||     1
Dodge: Dodged            ||    27

Table legend: (Time is in decaauts)
 A = Elapsed time spent in this place.
 B = Non-inter-level travel time spent in this place.
 C = Inter-level travel time spent in this place.
 D = Time resting spent in this place.
 E = Time spent auto-exploring this place.
 F = Levels seen in this place.
 G = Mean time per level.
                   A        B        C        D        E       F      G
               +--------+--------+--------+--------+--------+-----+--------+
         Total |   1674 |   1656 |     18 |    433 |    938 |   2 |  837.0 |
       Dungeon |   1674 |   1656 |     18 |    433 |    938 |   2 |  837.0 |
               +--------+--------+--------+--------+--------+-----+--------+

Top non-repeatable levels by time:
     D:1: 1258 daAuts
     D:2: 416 daAuts
